[Event "Titled Tuesday Blitz April 05 Early 2022"]
[White "Horak, Martin"]
[Black "Lewtak, Damian"]
[WhiteFideId "367095"]
[BlackFideId "1141724"]
[WhiteElo "1997"]
[BlackElo "2362"]
[Result "1-0"]
[Round "03"]
[TimeControl "180+1"]
[Date "2022.04.05"]
[WhiteClock "0:00:10"]
[BlackClock "0:00:10"]

1. Nf3 d5 2. e3 c6 3. b3 Nf6 4. Bb2 g6 5. c4 Bg7 6. d4 O-O 7. Bd3 a5 8. a3 Bf5 9. Bxf5 gxf5 10. Qd3 e6 11. Nbd2 Nbd7 12. O-O Ne4 13. Ne1 a4 14. Nxe4 fxe4 15. Qc2 axb3 16. Qxb3 Qb6 17. Qc2 dxc4 18. Bc3 f5 19. Bb4 c5 20. dxc5 Nxc5 21. Rc1 Rfd8 22. Qxc4 Na6 23. g3 Nxb4 24. axb4 Bf8 25. Ng2 Qa6 26. b5 Qa2 27. Qc7 Qd5 28. Nf4 Qxb5 29. Nh5 Kh8 30. Rb1 Qd7 31. Qf4 Bd6 32. Qh6 Qf7 33. Rfc1 Bf8 34. Qf4 Bd6 35. Qg5 Rg8 36. Qf6+ Qxf6 37. Nxf6 Rg7 38. Rb6 Rd8 39. Rxd6 Rf8 40. Nh5 Rg5 41. Nf4 e5 42. Rd5 exf4 43. exf4 Rg6 44. Rc7 Rc6 45. Rxb7 e3 46. fxe3 Ra8 47. Kg2 Rc2+ 48. Kh3 Re2 49. Rdd7 Rxe3 50. Rxh7+ Kg8 51. Rbg7+ Kf8 52. Rh8+ Kxg7 53. Rxa8 Kg6 54. Ra6+ Kg7 55. Rd6 Re2 56. Rd5 Kf6 57. Re5 Rf2 58. Ra5 Kg6 59. Ra6+ Kf7 60. Rd6 Kg7 61. Re6 Kf7 62. Re1 Kf6 63. Rg1 Re2 64. Rg2 Re8 65. Rf2 Re3 66. Kg2 Ra3 67. h3 Rc3 68. g4 Rc4 69. Kg3 Kg6 70. Rf3 Rc1 71. Rd3 Rg1+ 72. Kh4 Rh1 73. Rd6+ Kf7 74. Kg5 fxg4 75. hxg4 Ke7 76. Ra6 Kf7 77. f5 Re1 78. Ra7+ Kf8 79. f6 Rb1 80. Kg6 Rb8 81. g5 Kg8 82. Rg7+ Kh8 83. Rh7+ Kg8 84. f7+ Kf8 85. Rh8+ Ke7 1-0


[Site "https://www.chess.com"]

[Event "Titled Tuesday Blitz April 05 Early 2022"]
[White "Hua, Lefong"]
[Black "Stanisz, Patryk"]
[WhiteFideId "2602253"]
[BlackFideId "1123106"]
[WhiteElo "2598"]
[BlackElo "1833"]
[Result "1-0"]
[Round "03"]
[TimeControl "180+1"]
[Date "2022.04.05"]
[WhiteClock "0:00:56"]
[BlackClock "0:00:03"]

1. d4 d5 2. c4 c6 3. Nf3 Nf6 4. Nc3 e6 5. e3 Nbd7 6. Qc2 Bd6 7. b3 Qe7 8. Be2 b6 9. O-O Bb7 10. Bb2 O-O 11. Rad1 dxc4 12. Bxc4 e5 13. Rfe1 e4 14. Nd2 Bxh2+ 15. Kxh2 Ng4+ 16. Kg1 Qh4 17. Nf1 b5 18. g3 Qh3 19. Qxe4 bxc4 20. bxc4 Rab8 21. Qg2 Qxg2+ 22. Kxg2 c5+ 23. d5 Nge5 24. Nd2 Nd3 25. Ba3 Nxe1+ 26. Rxe1 Rbc8 27. Na4 Ba6 28. f4 f5 29. Rc1 Rfe8 30. Kf3 Nf6 31. Bxc5 Ne4 32. Nxe4 Rxe4 33. Bd4 Rxc4 34. Nc3 Re8 35. Rb1 Rd8 36. g4 g6 37. gxf5 gxf5 38. Rg1+ Kf8 39. Rg5 Bb7 40. Rxf5+ Ke8 41. Re5+ Kf8 42. Rf5+ Ke8 43. Rh5 h6 44. Ke2 Kf7 45. Kd3 Ba6 46. Kd2 Bb7 47. Rxh6 Bxd5 48. Nxd5 Rxd5 49. Ra6 Rc7 50. Kd3 Rb5 51. Bxa7 Rbb7 52. Bd4 Rd7 53. a4 Rb1 54. a5 Rd1+ 55. Ke4 Ke7 56. Ra8 Kf7 57. a6 Rb1 58. a7 Re7+ 59. Kf3 Rb3 60. Rh8 Rxa7 61. Bxa7 Rb8 62. Rxb8 1-0


[Site "https://www.chess.com"]

[Event "Titled Tuesday Blitz April 05 Early 2022"]
[White "Ivanov, Mike"]
[Black "Urbina Quiroz, Edwin"]
[WhiteFideId "2613158"]
[BlackFideId "6500650"]
[WhiteElo "2182"]
[BlackElo "2152"]
[Result "0-1"]
[Round "03"]
[TimeControl "180+1"]
[Date "2022.04.05"]
[WhiteClock "0:00:02"]
[BlackClock "0:00:11"]

1. e4 e5 2. f4 exf4 3. Nf3 d5 4. exd5 Nf6 5. Bb5+ c6 6. dxc6 bxc6 7. Bc4 Bd6 8. Qe2+ Qe7 9. Qxe7+ Kxe7 10. d4 Nd5 11. Kf2 Kf6 12. Re1 g5 13. Nbd2 Bf5 14. Bb3 Ne3 15. Ne5 Nxc2 16. Bxc2 Bxc2 17. Ne4+ Bxe4 18. Rxe4 Bxe5 19. Rxe5 Nd7 20. Ra5 Rhb8 21. b3 Nb6 22. Ba3 Nd5 23. Rc1 Rb6 24. Bc5 Rb5 25. Ra6 Rc8 26. Rxa7 Kg6 27. Ra6 f5 28. Re1 g4 29. Re6+ Kg5 30. Rexc6 Rxc6 31. Rxc6 Rb8 32. Rd6 Nc3 33. Rd7 Ne4+ 34. Ke2 Re8 35. Kd3 Nf2+ 36. Kc4 f3 37. gxf3 gxf3 38. d5 Ne4 39. Bb6 Rc8+ 40. Kb5 Rb8 41. Ka6 Rxb6+ 42. Kxb6 f2 0-1


[Site "https://www.chess.com"]

[Event "Titled Tuesday Blitz April 05 Early 2022"]
[White "Jaferian, Koosha"]
[Black "Melaugh, Shane"]
[WhiteFideId "12507440"]
[BlackFideId "2509580"]
[WhiteElo "2030"]
[BlackElo "1972"]
[Result "1-0"]
[Round "03"]
[TimeControl "180+1"]
[Date "2022.04.05"]
[WhiteClock "0:01:34"]
[BlackClock "0:00:37"]

1. Nf3 f5 2. b3 Nf6 3. Bb2 e6 4. g3 Be7 5. Bg2 O-O 6. O-O d6 7. d4 Qe8 8. c4 Nbd7 9. Nc3 Qh5 10. e3 Bd8 11. Nd2 Qh6 12. h3 e5 13. dxe5 Nxe5 14. Nf3 f4 15. exf4 Nxf3+ 16. Qxf3 Bxh3 17. Qxb7 Bc8 18. Qxa8 Ng4 19. Rfe1 Qh2+ 20. Kf1 Bh4 21. Qd5+ Kh8 22. Qf7 Rg8 23. Re8 Nf6 24. Rxg8+ Nxg8 25. Nd5 Bf6 26. Nxf6 gxf6 27. Bxf6+ Nxf6 28. Qxf6+ 1-0


[Site "https://www.chess.com"]

[Event "Titled Tuesday Blitz April 05 Early 2022"]
[White "Jain, Naveen"]
[Black "Shukhman, Anna"]
[WhiteFideId "5003970"]
[BlackFideId "54180058"]
[WhiteElo "2036"]
[BlackElo "1665"]
[Result "0-1"]
[Round "03"]
[TimeControl "180+1"]
[Date "2022.04.05"]
[WhiteClock "0:01:36"]
[BlackClock "0:02:07"]

1. e4 c5 2. Nc3 e6 3. Nf3 a6 4. a4 d5 5. exd5 exd5 6. d4 cxd4 7. Nxd4 Nc6 8. Be2 Nf6 9. Bg5 Be7 10. O-O O-O 11. h3 h6 12. Bh4 Re8 13. Nxc6 bxc6 14. Bg3 Bd6 15. Bf3 Bxg3 16. fxg3 Qb6+ 17. Kh2 Qxb2 18. Nxd5 cxd5 19. Bxd5 Nxd5 20. Qxd5 Be6 21. Qe4 Bxh3 22. Qc4 Be6 23. Qc7 Rac8 24. Qa7 Rxc2 25. Qxa6 Rxg2+ 26. Kh1 Rh2+ 27. Kg1 Qg2# 0-1


[Site "https://www.chess.com"]

[Event "Titled Tuesday Blitz April 05 Early 2022"]
[White "Jakubowski, Krzysztof"]
[Black "Jaskolka, Tomasz"]
[WhiteFideId "1112848"]
[BlackFideId "1170791"]
[WhiteElo "2365"]
[BlackElo "2073"]
[Result "1-0"]
[Round "03"]
[TimeControl "180+1"]
[Date "2022.04.05"]
[WhiteClock "0:00:36"]
[BlackClock "0:00:15"]

1. e4 e6 2. d3 c5 3. Nd2 Nc6 4. Ngf3 b6 5. g3 Bb7 6. Bg2 g6 7. O-O Bg7 8. Re1 Nge7 9. c3 d6 10. a4 a5 11. Nf1 O-O 12. h4 d5 13. e5 Qc7 14. Bf4 d4 15. c4 Nb4 16. N1h2 h6 17. Ng4 Kh7 18. Qd2 Nf5 19. Nf6+ Bxf6 20. exf6 Qd8 21. Bxh6 Bxf3 22. Bxf8 Bxg2 23. Be7 Nxe7 24. fxe7 Qxe7 25. Kxg2 Qf6 26. Re4 Re8 27. Rae1 Qf5 28. Rf4 Qh5 29. Rxf7+ Kg8 30. Rf6 e5 31. Re4 Kg7 32. Rf3 Re7 33. b3 Re6 34. Qe2 Re7 35. Qd2 Re6 36. Qg5 Qxg5 37. hxg5 Re7 38. Rf6 Nxd3 39. Rxb6 Rf7 40. Re2 Nc1 41. Rd2 e4 42. Re6 Nxb3 43. Rb2 Nc1 44. Rxe4 Nd3 45. Rd2 Nb4 46. Re5 Rc7 47. Rde2 Kf7 48. Re6 d3 49. Rf6+ Kg7 50. Ree6 Rd7 51. Rxg6+ Kf7 52. Rgf6+ Kg7 53. Rd6 Re7 54. Rfe6 Rf7 55. f4 Kh7 56. g6+ Kg7 57. gxf7 Kxf7 58. f5 Nc2 59. Rd7+ Kf8 60. Rxd3 Kf7 61. Rd7+ Kf8 62. g4 Nd4 63. Rxd4 cxd4 64. c5 d3 65. c6 d2 66. Rd6 d1=Q 67. Rxd1 Ke7 68. c7 Kf6 69. c8=Q Kg5 70. Kf3 Kf6 71. Qf8+ Kg5 72. Qg7+ Kh4 73. Qh6# 1-0


[Site "https://www.chess.com"]

[Event "Titled Tuesday Blitz April 05 Early 2022"]
[White "Kalogridis, Antonios"]
[Black "Kokoszczynski, Jan"]
[WhiteFideId "25833901"]
[BlackFideId "1174460"]
[WhiteElo "1596"]
[BlackElo "2163"]
[Result "1-0"]
[Round "03"]
[TimeControl "180+1"]
[Date "2022.04.05"]
[WhiteClock "0:01:06"]
[BlackClock "0:00:18"]

1. d4 Nf6 2. c4 g6 3. Nc3 Bg7 4. e4 O-O 5. Nge2 d6 6. f3 c5 7. Be3 cxd4 8. Nxd4 Nc6 9. Be2 Bd7 10. O-O Nxd4 11. Bxd4 Bc6 12. Qd2 a5 13. b3 Nd7 14. Rfd1 Bxd4+ 15. Qxd4 Qb6 16. Kf2 Qc5 17. Nd5 Bxd5 18. Qxc5 Nxc5 19. Rxd5 Rfc8 20. Rad1 Rc6 21. Ke3 Kg7 22. f4 h5 23. e5 dxe5 24. Rxe5 e6 25. Bf3 Rc7 26. Kf2 Kf6 27. g3 Ke7 28. Rdd5 Rac8 29. Re3 a4 30. Rd2 axb3 31. axb3 Na6 32. Ra2 Nc5 33. b4 Nd7 34. c5 Nf6 35. Ra7 Rb8 36. h3 Kd7 37. Rd3+ Ke7 38. c6 Ne8 39. Rxb7 Rcxb7 40. cxb7 Nd6 41. Ra3 Kd7 42. Ra8 Kc7 43. Ke3 Nf5+ 44. Kf2 Nd6 45. Rxb8 Kxb8 46. Ke3 Nxb7 47. Bxb7 Kxb7 48. Kd4 f6 49. Kc5 Kc7 50. h4 f5 51. Kd4 Kd6 52. b5 e5+ 53. fxe5+ Kd7 54. b6 g5 55. hxg5 f4 56. gxf4 h4 57. Ke3 h3 58. Kf2 h2 59. Kg2 1-0


[Site "https://www.chess.com"]

[Event "Titled Tuesday Blitz April 05 Early 2022"]
[White "Kaminski, Victor"]
[Black "Potapova, Margarita"]
[WhiteFideId "1131630"]
[BlackFideId "14126869"]
[WhiteElo "2181"]
[BlackElo "2216"]
[Result "0-1"]
[Round "03"]
[TimeControl "180+1"]
[Date "2022.04.05"]
[WhiteClock "0:00:01"]
[BlackClock "0:00:15"]

1. e4 c5 2. Nf3 d6 3. d4 cxd4 4. Nxd4 Nf6 5. f3 Nc6 6. c4 e6 7. Nc3 Be7 8. Be2 O-O 9. O-O d5 10. exd5 exd5 11. Nxc6 bxc6 12. cxd5 Nxd5 13. Nxd5 cxd5 14. Be3 Be6 15. Bd4 Bf6 16. b3 a5 17. Bb5 Rb8 18. a4 Qe7 19. Qd2 Ra8 20. Bc6 Rab8 21. Bb5 Ra8 22. Rac1 Bxd4+ 23. Qxd4 Qg5 24. f4 Qh5 25. Rc5 Qg6 26. Bd3 Bf5 27. Rxd5 Bxd3 28. Qxd3 Qb6+ 29. Kh1 h6 30. f5 Rfe8 31. Rb5 Qf6 32. h3 Rad8 33. Qf3 Rd2 34. Rxa5 Ree2 35. Ra8+ Kh7 36. Rg1 Rf2 37. Qg3 Rxf5 38. Qb8 Rf1 39. Qg3 Rf5 40. Kh2 Rg5 41. Qe3 Qd6+ 42. Kh1 Rg6 43. Re8 Qd5 44. Qe4 Qd6 45. Qe5 Qd3 46. Qh2 Rg3 0-1


[Site "https://www.chess.com"]

[Event "Titled Tuesday Blitz April 05 Early 2022"]
[White "Kamsky, Gata"]
[Black "Aldokhin, Ivan"]
[WhiteFideId "2000024"]
[BlackFideId "24115720"]
[WhiteElo "2645"]
[BlackElo "2231"]
[Result "*"]
[Round "03"]
[TimeControl "180+1"]
[Date "2022.04.05"]
[WhiteClock "0:01:36"]
[BlackClock "0:01:16"]

1. d4 Nf6 2. Bf4 g6 3. c3 b6 4. Nf3 Bb7 5. e3 Bg7 6. h3 d6 7. Nbd2 Nbd7 8. a4 a6 9. Bc4 O-O 10. O-O c5 11. Re1 Ne4 12. Nxe4 Bxe4 13. Ng5 Bb7 14. e4 cxd4 15. cxd4 e5 16. dxe5 Nxe5 17. Bb3 Qf6 *


[Site "https://www.chess.com"]

[Event "Titled Tuesday Blitz April 05 Early 2022"]
[White "Karolczuk, Iwo"]
[Black "Musovic, Armin"]
[WhiteFideId "21816972"]
[BlackFideId "939935"]
[WhiteElo "2277"]
[BlackElo "2255"]
[Result "1/2-1/2"]
[Round "03"]
[TimeControl "180+1"]
[Date "2022.04.05"]
[WhiteClock "0:00:10"]
[BlackClock "0:00:12"]

1. e4 c6 2. Nc3 d5 3. Qf3 d4 4. Nce2 c5 5. d3 Nc6 6. Bd2 Qb6 7. Rb1 e5 8. Qg3 Be6 9. b3 Nb4 10. Qxe5 Nxc2+ 11. Kd1 Na3 12. Rc1 Nf6 13. Nf4 Ng4 14. Qg5 Nxf2+ 15. Ke2 Nxh1 16. Nf3 Be7 17. Qxg7 O-O-O 18. g3 Rhg8 19. Qxh7 Rh8 20. Qg7 Rdg8 21. Qxd4 Bg4 22. Bg2 Rxh2 23. Qa4 Nxg3+ 24. Kf2 Bxf3 25. Kxf3 Nxe4 26. dxe4 Nb5 27. Be3 Kb8 28. Qc4 a6 29. Qxf7 Qd8 30. Ne6 Rhxg2 31. Nxd8 Bxd8 32. Bf4+ Ka8 33. Rd1 Nd4+ 34. Rxd4 cxd4 35. Qd7 Bb6 36. e5 Rg1 37. e6 Rf1+ 38. Ke4 Re1+ 39. Kd5 d3 40. e7 d2 41. Bxd2 Re2 42. Bc3 Rg5+ 43. Kc4 Rg8 44. Kd3 Re3+ 45. Kd2 Rg2+ 46. Kd1 Rh3 47. e8=Q+ Ka7 48. Qe2 Rhh2 49. Qxg2 Rxg2 50. Bd2 Rg1+ 51. Kc2 Rg2 52. Qd3 Bc5 53. a4 Bb6 54. Kc1 Rg1+ 55. Kc2 Rg2 56. b4 Bf2 57. Kb3 Rg3 58. Kc4 Rxd3 59. Kxd3 b5 60. a5 Kb7 61. Ke4 Ba7 62. Kd5 Bg1 63. Bf4 Bf2 64. Bd6 Be1 65. Bc5 Bd2 66. Kd6 Be1 67. Kd7 Bd2 68. Kd6 Be1 69. Kd5 Bd2 70. Kd4 Be1 71. Kd3 Bh4 72. Kc3 Kc6 73. Bd4 Kd5 74. Bc5 Bf6+ 75. Kb3 Bd4 76. Bf8 Ke4 77. Be7 Kd3 78. Bf8 Be3 79. Be7 Bd2 80. Bf8 Ke4 81. Be7 Kd4 82. Bf8 Kd5 83. Bc5 Bf4 84. Bf8 Be5 85. Bc5 Bd6 86. Bf2 Ke4 87. Bb6 Kd3 88. Bc5 Be5 89. Be7 Bc3 90. Bc5 Bd2 91. Be7 Be3 92. Bc5 Bd2 93. Be7 1/2-1/2


[Site "https://www.chess.com"]

[Event "Titled Tuesday Blitz April 05 Early 2022"]
[White "Khripachenko, Alexander"]
[Black "Samarth, J Rao"]
[WhiteFideId "54184975"]
[BlackFideId "46652370"]
[WhiteElo "2193"]
[BlackElo "1514"]
[Result "1-0"]
[Round "03"]
[TimeControl "180+1"]
[Date "2022.04.05"]
[WhiteClock "0:00:44"]
[BlackClock "0:00:06"]

1. d4 d5 2. c4 e6 3. Nf3 Nf6 4. g3 Be7 5. Bg2 O-O 6. O-O dxc4 7. Qc2 b5 8. a4 b4 9. Nfd2 Nd5 10. Nxc4 c5 11. dxc5 Bxc5 12. Rd1 Nd7 13. e4 N5b6 14. Nbd2 Ba6 15. Nxb6 axb6 16. Nb3 Qe7 17. a5 Rfc8 18. Bf4 e5 19. Bg5 Qxg5 20. Rxd7 Bb5 21. Rd5 Bd4 22. Qd1 Bc4 23. Nxd4 Bxd5 24. Nf3 Qe7 25. exd5 Rxa5 26. Rxa5 bxa5 27. h4 Rd8 28. Qe2 Rxd5 29. Ng5 Rd8 30. Qb5 h6 31. Ne4 Qc7 32. Kh2 Kh8 33. h5 f5 34. Nc5 Rb8 35. Nb7 e4 36. Qxf5 Qxb7 37. Bxe4 g6 38. Qe5+ Qg7 39. Qxb8+ 1-0


[Site "https://www.chess.com"]

[Event "Titled Tuesday Blitz April 05 Early 2022"]
[White "Kobalia, Mikhail"]
[Black "Fikiet, Alex"]
[WhiteFideId "4119150"]
[BlackFideId "2052717"]
[WhiteElo "2667"]
[BlackElo "2441"]
[Result "*"]
[Round "03"]
[TimeControl "180+1"]
[Date "2022.04.05"]
[WhiteClock "0:02:21"]
[BlackClock "0:01:19"]

1. e4 e5 2. Nf3 Nc6 3. Bb5 a6 4. Ba4 d6 5. O-O Bd7 6. Re1 g6 7. d4 Bg7 8. dxe5 Nxe5 9. Bxd7+ Qxd7 10. Nxe5 Bxe5 11. Nd2 Ne7 12. Nf3 Bg7 13. e5 O-O 14. exd6 cxd6 15. c3 b5 16. Be3 Nc6 17. Qd5 Ne7 18. Qd3 Nf5 19. Rad1 Rfd8 20. Bf4 Rac8 21. h3 Rc4 22. Bg5 Rdc8 23. g4 Nh6 24. Qxd6 Qb7 *


[Site "https://www.chess.com"]

[Event "Titled Tuesday Blitz April 05 Early 2022"]
[White "Koellner, Ruben Gideon"]
[Black "Pranav, V"]
[WhiteFideId "12993093"]
[BlackFideId "25060783"]
[WhiteElo "2550"]
[BlackElo "2349"]
[Result "*"]
[Round "03"]
[TimeControl "180+1"]
[Date "2022.04.05"]
[WhiteClock "0:01:53"]
[BlackClock "0:01:29"]

1. d4 Nf6 2. Bg5 Ne4 3. Bf4 c5 4. f3 Qa5+ 5. c3 Nf6 6. d5 Qb6 7. Bc1 e6 8. e4 c4 9. Bxc4 Bc5 10. Ne2 O-O 11. Qb3 Qc7 12. Bf4 e5 13. Bg3 d6 14. Nd2 Nbd7 15. a4 Nh5 16. Qc2 a6 17. b4 Be3 18. Qd3 Bxd2+ 19. Kxd2 f5 20. Rhf1 Ndf6 21. Bxe5 Re8 22. Bxf6 Nxf6 23. Ng3 fxe4 24. fxe4 Ng4 25. Qd4 Nxh2 *


[Site "https://www.chess.com"]

[Event "Titled Tuesday Blitz April 05 Early 2022"]
[White "Korchmar, Vasiliy"]
[Black "Le, Tuan Minh"]
[WhiteFideId "24131750"]
[BlackFideId "12401153"]
[WhiteElo "2370"]
[BlackElo "2450"]
[Result "*"]
[Round "03"]
[TimeControl "180+1"]
[Date "2022.04.05"]
[WhiteClock "0:00:46"]
[BlackClock "0:02:01"]

1. d4 d5 2. Bf4 Nf6 3. e3 c5 4. Nf3 Qb6 5. Nc3 a6 6. Rb1 Bg4 7. Be2 e6 8. O-O Bxf3 9. Bxf3 cxd4 10. exd4 Bd6 11. Na4 Qc7 12. Bxd6 Qxd6 13. b4 O-O 14. Nc5 b6 15. Nd3 Rc8 16. a4 Nbd7 17. a5 bxa5 18. bxa5 Qc7 19. Qd2 Rab8 *


[Site "https://www.chess.com"]

[Event "Titled Tuesday Blitz April 05 Early 2022"]
[White "Koridze, Lile"]
[Black "Mkrtchyan, Mariam"]
[WhiteFideId "13612514"]
[BlackFideId "13310828"]
[WhiteElo "2050"]
[BlackElo "1984"]
[Result "1-0"]
[Round "03"]
[TimeControl "180+1"]
[Date "2022.04.05"]
[WhiteClock "0:00:03"]
[BlackClock "0:00:04"]

1. d4 d6 2. Nf3 g6 3. c4 Bg7 4. Nc3 Nd7 5. e4 e5 6. Be2 Ne7 7. O-O O-O 8. Be3 h6 9. dxe5 dxe5 10. Qc1 Kh7 11. Rd1 c6 12. Bc5 Qe8 13. Bd6 f5 14. exf5 gxf5 15. Qe3 e4 16. Nd4 Rf7 17. Nxe4 fxe4 18. Qxe4+ Kg8 19. Bh5 Nf6 20. Bxf7+ Kxf7 21. Qf3 Ng6 22. Re1 Qd8 23. c5 Kg8 24. Qg3 Kh7 25. Ne6 Bxe6 26. Rxe6 Qd7 27. Rae1 Re8 28. Qe3 Nd5 29. Qe4 Rxe6 30. Qxe6 Qxe6 31. Rxe6 Bxb2 32. Re8 b6 33. Ra8 Bd4 34. Rxa7+ Kg8 35. cxb6 Bxb6 36. Rb7 Nh4 37. Be5 Nf5 38. Bb2 h5 39. a4 Kf8 40. Rh7 h4 41. Rh5 Nde7 42. Ba3 c5 43. a5 Ba7 44. Rg5 Kf7 45. Rg4 Ke6 46. Bb2 Kd5 47. Kf1 c4 48. Ke2 Nc6 49. Rg5 Ke6 50. Rg6+ Kd5 51. Bc3 Ncd4+ 52. Kd1 Ke4 53. f3+ Kd3 54. Bb4 c3 55. Bxc3 Ne3+ 56. Ke1 Kxc3 57. Rg7 Bc5 58. Rc7 Kb4 59. a6 Nb5 60. Rb7 Ka5 61. a7 Nxa7 62. Rc7 Kb5 63. g3 Nc6 64. gxh4 Nf5 65. h5 Bd4 66. Rf7 Nce7 67. h6 Be5 68. h7 Kc6 69. Ke2 Nd4+ 70. Kd3 Nef5 71. f4 Kd5 72. fxe5 Nc6 73. h8=Q Ne3 74. Kxe3 Nxe5 75. Rf5 Ke6 76. Qxe5+ 1-0


[Site "https://www.chess.com"]

[Event "Titled Tuesday Blitz April 05 Early 2022"]
[White "Kostina, Nadezhda"]
[Black "Prohorov, Olexandr"]
[WhiteFideId "4195876"]
[BlackFideId "14105578"]
[WhiteElo "1982"]
[BlackElo "1993"]
[Result "0-1"]
[Round "03"]
[TimeControl "180+1"]
[Date "2022.04.05"]
[WhiteClock "0:00:03"]
[BlackClock "0:00:13"]

1. e4 c5 2. Nf3 Nc6 3. Bb5 g6 4. Bxc6 dxc6 5. h3 Bg7 6. d3 Nf6 7. O-O Nd7 8. Re1 Nf8 9. e5 Ne6 10. Nc3 O-O 11. Ne4 b6 12. a4 a5 13. Bd2 f6 14. exf6 exf6 15. Qc1 Qc7 16. Bh6 Bd7 17. Bxg7 Kxg7 18. Qd2 Rad8 19. Qc3 Bc8 20. Re3 Nf4 21. Rae1 Nd5 22. Qd2 Nxe3 23. Rxe3 c4 24. Qc3 cxd3 25. cxd3 c5 26. Neg5 Rfe8 27. Ne4 Qc6 28. Nfd2 h6 29. Rf3 Re6 30. Nc4 Rd4 31. Ne3 Ba6 32. Ng4 f5 33. Qb3 fxg4 34. hxg4 Bxd3 0-1


[Site "https://www.chess.com"]

[Event "Titled Tuesday Blitz April 05 Early 2022"]
[White "Kostiukov, Alexandr"]
[Black "Nguyen Hong Nhung"]
[WhiteFideId "14108100"]
[BlackFideId "12412201"]
[WhiteElo "2202"]
[BlackElo "1758"]
[Result "0-1"]
[Round "03"]
[TimeControl "180+1"]
[Date "2022.04.05"]
[WhiteClock "0:00:34"]
[BlackClock "0:01:18"]

1. g3 f5 2. Bg2 Nf6 3. d4 g6 4. Nf3 Bg7 5. O-O O-O 6. c4 d6 7. Nc3 Qe8 8. d5 a5 9. Rb1 Na6 10. b3 Bd7 11. Bb2 c6 12. Nd4 Rc8 13. Qd2 Nc5 14. e3 Qf7 15. a3 Nce4 16. Nxe4 Nxe4 17. Qxa5 cxd5 18. Qxd5 Qxd5 19. cxd5 Nd2 20. Ne6 Bxe6 21. dxe6 Nxb1 22. Bxg7 Kxg7 23. Rxb1 b6 24. Bd5 Rc2 25. a4 Rfc8 26. Bc4 Rd2 27. Rf1 d5 28. Bb5 Rcc2 29. h4 Kf6 30. Kg2 Kxe6 31. Kf3 Kd6 32. h5 e5 33. h6 Ke6 34. g4 fxg4+ 35. Kg3 Kf6 36. Bd7 Kg5 37. Bxg4 Kxh6 38. Be6 Kg5 39. Bd7 Rb2 40. f4+ exf4+ 41. exf4+ Kf6 42. Kf3 Rxb3+ 43. Kg4 h5+ 44. Kh4 Rh2+ 0-1


[Site "https://www.chess.com"]

[Event "Titled Tuesday Blitz April 05 Early 2022"]
[White "Kouskoutis, Georgios-Alexandros"]
[Black "Goryachkina, Aleksandra"]
[WhiteFideId "4234049"]
[BlackFideId "4147103"]
[WhiteElo "2130"]
[BlackElo "2426"]
[Result "1-0"]
[Round "03"]
[TimeControl "180+1"]
[Date "2022.04.05"]
[WhiteClock "0:00:09"]
[BlackClock "0:00:08"]

1. c4 Nf6 2. g3 e6 3. Bg2 d5 4. Nf3 Be7 5. O-O O-O 6. b3 b6 7. cxd5 exd5 8. d4 Bb7 9. Bb2 Nbd7 10. Nc3 c5 11. Rc1 Rc8 12. dxc5 bxc5 13. e3 Nb6 14. Qd2 Ne4 15. Qe2 f5 16. Rfd1 Bf6 17. Ne1 Qe7 18. Nd3 Rfe8 19. Nxe4 fxe4 20. Nf4 Bxb2 21. Qxb2 Qf7 22. h4 Rc7 23. Rc2 c4 24. Rdc1 h6 25. h5 d4 26. Qxd4 1-0


[Site "https://www.chess.com"]

[Event "Titled Tuesday Blitz April 05 Early 2022"]
[White "Kryakvin, Dmitry"]
[Black "Brodowski, Piotr"]
[WhiteFideId "4153278"]
[BlackFideId "1124480"]
[WhiteElo "2422"]
[BlackElo "2422"]
[Result "*"]
[Round "03"]
[TimeControl "180+1"]
[Date "2022.04.05"]
[WhiteClock "0:01:54"]
[BlackClock "0:01:36"]

1. d4 c5 2. d5 d6 3. Nc3 Nf6 4. e4 g6 5. Nf3 Bg7 6. Be2 O-O 7. O-O Na6 8. h3 Nc7 9. Bf4 b6 10. a4 a6 11. Bc4 Bb7 12. Re1 Qd7 13. Qd3 Rad8 14. e5 dxe5 15. Nxe5 Qc8 16. Rad1 Ncxd5 17. Nxd5 Nxd5 18. Bxd5 Rxd5 19. Qg3 Rxd1 20. Rxd1 Rd8 21. Re1 Qf5 22. Ng4 *


[Site "https://www.chess.com"]

[Event "Titled Tuesday Blitz April 05 Early 2022"]
[White "Krysa, Leandro"]
[Black "Todorovic, Bojan"]
[WhiteFideId "116807"]
[BlackFideId "917087"]
[WhiteElo "2490"]
[BlackElo "2266"]
[Result "1-0"]
[Round "03"]
[TimeControl "180+1"]
[Date "2022.04.05"]
[WhiteClock "0:00:01"]
[BlackClock "0:00:01"]

1. e4 c5 2. Nf3 e6 3. d4 cxd4 4. Nxd4 a6 5. c4 Qc7 6. Nc3 Nc6 7. Be2 Nf6 8. a3 Nxd4 9. Qxd4 Bd6 10. Qd3 Be5 11. Bd2 b6 12. g3 Bb7 13. f3 O-O 14. Kf2 d5 15. cxd5 exd5 16. exd5 Rfd8 17. Rac1 Qe7 18. Rhd1 Nxd5 19. Nxd5 Rxd5 20. Qc2 Bd4+ 21. Kf1 Rh5 22. Qc7 Re8 23. Qxe7 Rxe7 24. h4 h6 25. Bc3 Be3 26. Rc2 Rd5 27. Rxd5 Bxd5 28. Bb4 Re8 29. Kg2 a5 30. Bd2 Bb3 31. Bxe3 Bxc2 32. Kf2 Re6 33. h5 g6 34. hxg6 Bxg6 35. g4 Rc6 36. Bd4 Rc2 37. Ke3 a4 38. Bb5 h5 39. gxh5 Bxh5 40. Bxa4 Rc1 41. Bxb6 Rb1 42. Bd4 1-0


[Site "https://www.chess.com"]

[Event "Titled Tuesday Blitz April 05 Early 2022"]
[White "Legenia, Artem"]
[Black "Ferreira, Vitor Hugo Vieira"]
[WhiteFideId "14136945"]
[BlackFideId "2119765"]
[WhiteElo "1936"]
[BlackElo "2165"]
[Result "0-1"]
[Round "03"]
[TimeControl "180+1"]
[Date "2022.04.05"]
[WhiteClock "0:00:04"]
[BlackClock "0:01:12"]

1. d4 d5 2. Nf3 Nf6 3. Bf4 e6 4. c3 c5 5. e3 Nc6 6. h3 Bd6 7. Bxd6 Qxd6 8. Bd3 O-O 9. O-O e5 10. dxe5 Nxe5 11. Nxe5 Qxe5 12. Nd2 Re8 13. Nf3 Qh5 14. Nd2 Qg5 15. Nf3 Qh5 16. Nd2 Qe5 17. Nf3 Qc7 18. Qc2 h6 19. Bf5 Ne4 20. Bxc8 Raxc8 21. Rad1 Red8 22. c4 Nf6 23. cxd5 Nxd5 24. a3 c4 25. Rd2 b5 26. Rfd1 Nb6 27. Nd4 a6 28. Qf5 Rd5 29. Qf3 Rcd8 30. Qe2 c3 31. Rc2 Rc5 32. bxc3 Rxc3 33. Rxc3 Qxc3 34. Nf5 Rc8 35. Qg4 Rc4 36. Rd8+ Kh7 37. Nd4 Rc5 38. Qe4+ f5 39. Nxf5 Re5 40. Qg4 Qc1+ 41. Kh2 Qc7 42. Rf8 Rxf5+ 0-1


[Site "https://www.chess.com"]

[Event "Titled Tuesday Blitz April 05 Early 2022"]
[White "Lehtosaari, Mauri"]
[Black "Kosteniuk, Alexandra"]
[WhiteFideId "501999"]
[BlackFideId "4128125"]
[WhiteElo "2551"]
[BlackElo "2469"]
[Result "1/2-1/2"]
[Round "03"]
[TimeControl "180+1"]
[Date "2022.04.05"]
[WhiteClock "0:00:24"]
[BlackClock "0:00:21"]

1. d4 Nf6 2. Nf3 d5 3. Bg5 c5 4. e3 Nc6 5. c3 e6 6. Nbd2 Be7 7. Bd3 O-O 8. O-O b6 9. Ne5 Bb7 10. f4 Nd7 11. Bxe7 Qxe7 12. Qh5 f5 13. Nxd7 Qxd7 14. Nf3 Rf6 15. Bb5 Rh6 16. Qg5 Qc7 17. Bxc6 Bxc6 18. Ne5 Rf6 19. Rf3 Bb5 20. Rg3 Raf8 21. a3 a5 22. Re1 a4 23. h4 h6 24. Qh5 Kh7 25. Qf3 Rg8 26. h5 Be8 27. Kf2 b5 28. dxc5 Qxc5 29. Rd1 Qa7 30. Rd4 Qe7 31. Rh3 Qc5 32. Qe2 Kh8 33. Qd1 Qe7 34. Qe2 Qc5 35. Qf3 Qc7 36. Qe2 Qe7 37. Qf3 Qc5 38. Qe2 Qe7 39. Qf3 Qc5 40. Qe2 Qe7 1/2-1/2


[Site "https://www.chess.com"]

[Event "Titled Tuesday Blitz April 05 Early 2022"]
[White "Li, Xueyi"]
[Black "Ardila, Oscar Humberto"]
[WhiteFideId "8605912"]
[BlackFideId "4404742"]
[WhiteElo "2091"]
[BlackElo "1983"]
[Result "1-0"]
[Round "03"]
[TimeControl "180+1"]
[Date "2022.04.05"]
[WhiteClock "0:00:49"]
[BlackClock "0:00:04"]

1. d4 Nf6 2. c4 g6 3. g3 Bg7 4. Bg2 d6 5. Nc3 O-O 6. Nf3 Nbd7 7. O-O e5 8. dxe5 dxe5 9. b3 Re8 10. Bb2 c6 11. Ng5 h6 12. Nge4 Nxe4 13. Nxe4 Nf8 14. Nd6 Re6 15. c5 Qa5 16. Qc2 Re7 17. a3 Be6 18. b4 Qc7 19. Rad1 a5 20. f4 axb4 21. axb4 exf4 22. Bxg7 Kxg7 23. gxf4 Ra2 24. Qc3+ f6 25. e4 Bf7 26. e5 Nd7 27. Rde1 fxe5 28. fxe5 Be6 29. Rf6 b6 30. Rxe6 Rxe6 31. Bh3 Nf8 32. Bxe6 Nxe6 33. Qc4 Rb2 34. Ne8+ Kh7 35. Nxc7 Nxc7 1-0


[Site "https://www.chess.com"]